 Seeded DCSS version 0.30-a0-329-g85436e0a43 (webtiles) character file.

Game seed: 13151216383678511518 (custom seed)

25403 purpskrrrp the Brawler (level 12, -4/119 HPs)
             Began as a Troll Fighter on Oct 28, 2022.
             Was an Elder of Cheibriados.
             Slain by a freezing wraith (17 damage)
             ... on level 11 of the Dungeon.
             The game lasted 00:31:17 (10235 turns).

purpskrrrp the Brawler (Troll Fighter)             Turns: 10235, Time: 00:31:18

Health: -4/119     AC: 17    Str: 46    XL:     12   Next: 89%
Magic:  11/11      EV: 10    Int: 13    God:    Cheibriados [****..]
Gold:   924        SH: 14    Dex: 22    Spells: 11/11 levels left

rFire   . . .      SeeInvis .      - Unarmed
rCold   . . .      Faith    .    b - +2 kite shield
rNeg    . . .      Spirit   .    L - +2 acid dragon scales
rPois   .          Reflect  .    (helmet restricted)
rElec   .          Harm     .    K - +2 cloak {rCorr}
rCorr   +          Rampage  .    (gloves unavailable)
Will    +....                    (boots unavailable)
Stlth   +.........               (no amulet)
HPRegen 1.19/turn                k - +4 ring of slaying
MPRegen 0.12/turn                q - ring of Egomania {Will+ Str+6 Dex+4}

@: very slow
A: large, unfitting armour, claws 3, regeneration 1, shaggy fur 1, tough skin 1,
iridescent scales 1, wild magic 1
a: Renounce Religion, Bend Time, Temporal Distortion, Slouch


You were on level 11 of the Dungeon.
You worshipped Cheibriados.
Cheibriados was greatly pleased with you.
You visited 2 branches of the dungeon, and saw 12 of its levels.
You also visited: Bailey.

You collected 924 gold pieces.

Inventory:

Armour
 a - a +0 robe
 b - a +2 kite shield (worn)
 m - a +0 cloak
 E - +0 steam dragon scales
 K - a +2 cloak of preservation (worn)
 L - +2 acid dragon scales (worn)
Jewellery
 c - a +6 ring of intelligence
 k - a +4 ring of slaying (left claw)
 q - the ring of Egomania (right claw) {Will+ Str+6 Dex+4}
   (You acquired it on level 5 of the Dungeon)

   [ring of strength]

   Str:       It affects your strength (+6).
   Dex:       It affects your dexterity (+4).
   Will:      It increases your willpower.
 s - a ring of protection from fire
 z - a +6 ring of dexterity
Wands
 n - a wand of flame (42)
 t - a wand of mindburst (13)
 w - a wand of digging (13)
 x - a wand of polymorph (10)
Scrolls
 d - 3 scrolls of magic mapping
 r - a scroll of blinking
 u - 5 scrolls of vulnerability
 v - 7 scrolls of enchant weapon
 D - a scroll of summoning
 F - 3 scrolls of butterflies
 G - a scroll of identify
 H - 2 scrolls of noise
 J - 2 scrolls of teleportation
Potions
 e - 2 potions of resistance
 f - a potion of ambrosia
 g - 3 potions of lignification
 h - 9 potions of curing
 i - a potion of magic
 j - 4 potions of degeneration
 l - a potion of brilliance
 o - 3 potions of haste
 p - 2 potions of attraction
 A - 2 potions of mutation
 B - 5 potions of cancellation
 C - a potion of invisibility
 M - a potion of berserk rage {unknown}
 N - a potion of might


   Skills:
 + Level 7.6 Fighting
 - Level 7.1 Armour
 - Level 2.4 Dodging
 + Level 8.6 Shields
 * Level 16.8 Unarmed Combat


You had 11 spell levels left.
You didn't know any spells.
Your spell library contained the following spells:

 Spells                   Type           Power      Damage    Failure   Level
 Kiss of Death            Conj/Necr      0%         2d5       63%         1
 Confusing Touch          Hex            0%         N/A       93%         3
 Gell's Gravitas          Tloc           0%         N/A       93%         3
 Inner Flame              Hex/Fire       0%         N/A       93%         3
 Lesser Beckoning         Tloc           0%         N/A       93%         3
 Portal Projectile        Hex/Tloc       0%         N/A       93%         3
 Summon Guardian Golem    Hex/Summ       0%         N/A       93%         3
 Teleport Other           Tloc           0%         N/A       93%         3
 Tukima's Dance           Hex            0%         N/A       93%         3
 Dispel Undead            Necr           0%         3d6       100%        4
 Flame Wave               Conj/Fire      0%         2d4       100%        4
 Sticky Flame             Conj/Fire      0%         2d3       100%        4
 Blade Hands              Tmut           0%         N/A       100%        5
 Orb of Destruction       Conj           0%         9d5       100%        7
 Spellforged Servitor     Conj/Summ      0%         N/A       100%        7


Dungeon Overview and Level Annotations

Branches:
Dungeon (11/15)            Temple (1/1) D:5            Lair (0/5) D:10
    Orc (0/2) D:9          Bailey (visited)

Altars:
Ashenzari
Cheibriados
Dithmenos
Elyvilon
Fedhas
Gozag
Hepliaklqana
Kikubaaqudgha
Makhleb
Nemelex Xobeh
Okawaru
Qazlal
Ru
Sif Muna
Trog
Uskayaw
Vehumet
Wu Jian
Xom
Yredelemnul
Zin
The Shining One

Shops:
D:5 (

Annotations:
D:9 2 transporters, sscrono2's ghost, journeyman OpDe


Innate Abilities, Weirdness & Mutations

You are too large for most types of armour.
You have claws for hands.
Your natural rate of healing is unusually fast.
You are covered in fur. (AC +1)
You have tough skin. (AC +1)
You are partially covered in iridescent scales. (AC +2)
Your spells are a little harder to cast, but a little more powerful.


Message History

Your yak's corpse dissolves into shadows!
The tengu warrior barely misses your yak.
The tengu warrior pecks your yak. The tengu warrior claws your yak.
The freezing wraith hits your orc!
Your orc dies!
Your orc's corpse dissolves into shadows!
Your yak gores the tengu warrior!
The tengu warrior completely misses your yak.
The tengu warrior hits your yak with a +3 battleaxe.
The tengu warrior pecks your yak.
The tengu warrior claws your yak but does no damage.
Your yak misses the tengu warrior.
The freezing wraith attacks as you move away!
The freezing wraith hits you but does no damage.
You block the freezing wraith's attack.
Found a condenser vane and a phial of floods.
The tengu warrior hits your yak with a +3 battleaxe! x2
The tengu warrior pecks your yak. The tengu warrior claws your yak.
Your yak gores the tengu warrior!
Your yak gores the two-headed ogre!
The two-headed ogre closely misses your yak.
The two-headed ogre hits your yak with a +0 giant spiked club!!
Your yak gores the tengu warrior.
The tengu warrior dies!
Cheibriados appreciates the change of pace.
Okay, then.
As you read the scroll of fear, it crumbles to dust.
You assume a fearsome visage.
The freezing wraith is unaffected.
The two-headed ogre looks frightened!
Your yak dissolves into shadows!
You block the freezing wraith's attack. x2
The two-headed ogre hits your yak with a +0 giant spiked club!!
The two-headed ogre barely misses your yak.
You open the door.
Your yak closely misses the freezing wraith.
Your yak gores the two-headed ogre!
Your yak's attack snaps the two-headed ogre out of its fear.
The freezing wraith hits you.
* * * LOW HITPOINT WARNING * * *
The freezing wraith freezes you!
You die...

#.......######....†..#.# #.#..##
.........####...#.####.###....###
.......>.........................
...........##[..#.####.####...###
#.......##.###.##.# #.....)..#
##.....###.# #. #.#######...###
#......(...# . .... #(##
..###'###..#. ###'# ..##.
.##.....##...##W@# ....#
##....#..##.##YY#.# ...#
#..#..##..###..##.# #..#
..##..###..#))## .. #..# .#
#[#.....#O## }}. #..## ## .
..###...YY#)ccZ⌠).. +...#####.
.... #(###.#.##Q)|).## #.........
..###.. #..#..# ...## #...######
#. #..#..###..# .## ##.###


You could see a two-headed ogre (fleeing), a freezing wraith (ally target) and 4
friendly yaks.

Vanquished Creatures
  An ogre mage (D:11)
  2 centaur warriors (D:11)
  A boulder beetle (D:11)
  Erica (D:8)
  A tengu warrior (D:11)
  Nergalle (D:10)
  An ugly thing (D:11)
  An orc knight (Bailey)
  A wolf spider zombie (D:10)
  A moth of wrath (D:8)
  A cyclops (D:11)
  Maurice (D:9)
  A centaur zombie (D:10)
  An unseen horror (D:11)
  An efreet (D:11)
  2 hellwings (D:10)
  6 trolls
  2 hornets
  A meliai zombie (D:10)
  Sigmund (D:4)
  2 vampires
  4 wyverns
  12 yaks
  4 steam dragons
  6 vampire mosquitoes (D:10)
  An acid dragon (D:9)
  2 black bears
  2 ice beasts (D:6)
  12 orc warriors
  An ogre (D:4)
  5 centaurs
  2 phantoms (D:4)
  A kobold brigand (D:8)
  3 bullfrogs
  2 gnoll sergeants
  A necrophage (D:5)
  2 scorpions
  6 wights (D:9)
  3 killer bees (D:11)
  4 howler monkeys
  An electric eel (D:6)
  3 hounds
  2 jellies
  A gnoll bouda (D:4)
  6 orc priests
  6 iguanas
  9 orc wizards
  A boggart zombie (D:10)
  A boggart skeleton (D:10)
  17 gnolls
  6 adders
  4 shadow imps
  A white imp (D:7)
  An ufetubus (D:5)
  4 worms
  3 dart slugs
  48 orcs
  4 ball pythons
  4 endoplasms
  3 giant cockroaches
  18 goblins
  5 hobgoblins
  8 jackals
  12 kobolds
  7 quokkas
  5 bats
  A frilled lizard (D:2)
  9 rats
  A bush (D:11)
294 creatures vanquished.

Vanquished Creatures (collateral kills)
  A tengu warrior (D:11)
  5 wights (D:9)
6 creatures vanquished.

Vanquished Creatures (others)
  A shadow imp (D:10)
  6 withered plants (D:10)
7 creatures vanquished.

Grand Total: 307 creatures vanquished

Notes
Turn   | Place    | Note
-------+----------+-------------------------------------------
     0 | D:1      | purpskrrrp the Troll Fighter began the quest for the Orb.
     0 | D:1      | Reached XP level 1. HP: 22/22 MP: 0/0
   124 | D:1      | Reached XP level 2. HP: 29/29 MP: 1/1
   312 | D:1      | Reached skill level 3 in Unarmed Combat
   737 | D:2      | Reached XP level 3. HP: 36/36 MP: 2/2
  1368 | D:3      | Found a hide-covered altar of Uskayaw.
  1394 | D:3      | Reached skill level 4 in Unarmed Combat
  1595 | D:3      | Reached XP level 4. HP: 44/44 MP: 3/3
  1660 | D:3      | Reached skill level 5 in Unarmed Combat
  1677 | D:3      | Reached XP level 5. HP: 33/50 MP: 4/4
  2087 | D:3      | Reached skill level 6 in Unarmed Combat
  2216 | D:3      | Found a sacrificial altar of Ru.
  2216 | D:3      | Found a shadowy altar of Dithmenos.
  2412 | D:4      | Reached XP level 6. HP: 29/59 MP: 5/5
  2539 | D:4      | Reached skill level 7 in Unarmed Combat
  2746 | D:4      | Found a basalt altar of Yredelemnul.
  2843 | D:4      | Noticed Sigmund
  2858 | D:4      | Reached XP level 7. HP: 53/66 MP: 6/6
  2860 | D:4      | Killed Sigmund
  2861 | D:4      | Reached skill level 8 in Unarmed Combat
  3157 | D:4      | Found a broken altar of Ashenzari.
  3164 | D:4      | Reached skill level 9 in Unarmed Combat
  3208 | D:4      | Reached XP level 8. HP: 74/74 MP: 7/7
  3300 | D:5      | Entered Level 5 of the Dungeon
  3563 | D:5      | Found Gecheov's Weapon Shoppe.
  3574 | D:5      | Identified a scroll of acquirement
  3574 | D:5      | Acquired the ring of Egomania {Will+ Str+6 Dex+4}
  3599 | D:5      | Found an opulent altar of Gozag.
  3733 | D:5      | Found a staircase to the Ecumenical Temple.
  3806 | D:5      | Reached skill level 10 in Unarmed Combat
  4088 | Temple   | Entered the Ecumenical Temple
  4393 | D:6      | Found a radiant altar of Vehumet.
  4533 | D:6      | Reached skill level 11 in Unarmed Combat
  4856 | D:6      | Found a stormy altar of Qazlal.
  5005 | D:7      | Found a flagged portal.
  5017 | Bailey   | Entered a bailey
  5056 | Bailey   | Reached XP level 9. HP: 47/80 MP: 8/8
  5141 | Bailey   | Reached skill level 12 in Unarmed Combat
  5230 | Bailey   | Reached skill level 5 in Fighting
  5230 | Bailey   | Reached skill level 14 in Unarmed Combat
  5230 | Bailey   | Reached XP level 10. HP: 96/96 MP: 9/9
  5231 | Bailey   | Reached XP level 11. HP: 104/104 MP: 10/10
  5233 | Bailey   | Noticed an orc knight
  5282 | Bailey   | Killed an orc knight
  5987 | D:7      | Found a burning altar of Makhleb.
  6024 | D:7      | Noticed a cacodemon
  6166 | D:7      | Paralysed by a hornet for 3 turns
  6548 | D:8      | Found a snail-covered altar of Cheibriados.
  6575 | D:8      | Became a worshipper of Cheibriados the Contemplative
  6791 | D:8      | Found a bloodstained altar of Trog.
  6953 | D:8      | Reached skill level 15 in Unarmed Combat
  7109 | D:8      | Noticed Erica
  7116 | D:8      | Killed Erica
  7297 | D:9      | Reached * piety under Cheibriados
  7490 | D:9      | Found a transporter.
  7518 | D:9      | Found a transporter.
  7521 | D:9      | Noticed a tengu warrior
  7521 | D:9      | Noticed sscrono2's ghost (journeyman OpDe)
  7539 | D:9      | Found a bloodstained altar of Trog.
  7553 | D:9      | Noticed Maurice
  7564 | D:9      | Killed Maurice
  7569 | D:9      | Reached XP level 12. HP: 67/114 MP: 11/11
  7570 | D:9      | Reached ** piety under Cheibriados
  7665 | D:9      | Found a glowing silver altar of Zin.
  7816 | D:9      | Found a staircase to the Orcish Mines.
  8753 | D:10     | Entered Level 10 of the Dungeon
  9013 | D:10     | Found a sparkling altar of Nemelex Xobeh.
  9036 | D:10     | Noticed Nergalle
  9045 | D:10     | Killed Nergalle
  9046 | D:10     | Reached skill level 16 in Unarmed Combat
  9093 | D:10     | Found a staircase to the Lair.
  9141 | D:10     | Reached *** piety under Cheibriados
  9980 | D:11     | Gained mutation: Your magical capacity is low. (-10% MP)
                  | [potion of mutation]
  9981 | D:11     | Lost mutation: Your magical capacity is low. (-10% MP)
                  | [potion of mutation]
  9981 | D:11     | Gained mutation: Your spells are a little harder to cast,
                  | but a little more powerful. [potion of mutation]
  9981 | D:11     | Gained mutation: You are partially covered in iridescent
                  | scales. (AC +2) [potion of mutation]
 10075 | D:11     | Noticed a tengu warrior
 10075 | D:11     | Noticed an ogre mage
 10076 | D:11     | Noticed a boulder beetle
 10082 | D:11     | Killed a tengu warrior
 10089 | D:11     | Killed an ogre mage
 10098 | D:11     | Killed a boulder beetle
 10098 | D:11     | Reached **** piety under Cheibriados
 10203 | D:11     | Noticed a centaur warrior
 10203 | D:11     | Noticed a tengu warrior
 10204 | D:11     | Noticed a centaur warrior
 10206 | D:11     | Noticed a two-headed ogre
 10217 | D:11     | Killed a centaur warrior
 10222 | D:11     | Killed a centaur warrior
 10233 | D:11     | Killed a tengu warrior
 10235 | D:11     | Slain by a freezing wraith

Illustrated notes

Levels and vault maps discovered:
D:1:      dpeg_arrival_pond, layout_basic, st_stairs_4, minmay_misc_feat_cross
D:2:      layout_loops_cross
D:3:      kennysheep_the_goblin_king, layout_loops_ring,
          mainiacjoe_overflow_alcove_2, gammafunk_temple_overflow_pools,
          grunt_decor_fettered, kennysheep_donut, minmay_tree_intersection
D:4:      layout_loops_cross, mainiacjoe_overflow_24_doors, marbit_many_paths,
          hangedman_decor_points, uniq_sigmund
D:5:      layout_gridville, grunt_gozag_breadcrumbs,
          minmay_temple_entry_slanted, serial_shops, shop, grunt_decor_clamped
D:6:      layout_rooms, vehumet_altar_wand_db, mainiacjoe_overflow_brackets,
          minmay_liquid_box, kennysheep_generic_room_4
D:7:      layout_loops_corners, makhleb_altar_promises_db, enter_bailey_3,
          dk_noncrumbling_4
D:8:      layout_loops_cross, mainiacjoe_overflow_alcove_1, tgw_trog, uniq_erica
D:9:      layout_layer_cave, mainiacjoe_overflow_surrounded_room, orc_0_dummy,
          gammafunk_ghost_wrathful_warriors, chequers_serial_rivers_small_a,
          st_stairs_1, minmay_quadrilaterals, uniq_maurice
D:10:     cheibrodos_grave_circle, layout_loops_cross,
          nemelex_spade_bored_becter, lair_entry_dummy, uniq_nergalle
D:11:     minmay_the_grid_octo_2x2 [minmay_the_grid_octo_pinwheel,
          minmay_the_grid_octo_teeth, minmay_the_grid_octo_thin_diamonds,
          minmay_the_grid_octo_prize_star], layout_loops_corners,
          kb_lookout_dungeons_type
Temple:   jpeg_temple_island

Skill      XL: |  1  2  3  4  5  6  7  8  9 10 11 12 |
---------------+-------------------------------------+-----
Unarmed Combat | 3 4 5 6 7 9 11 14 15 16 | 16.8
Shields        | 6 7 8 |  8.6
Fighting       | 5 6 7 |  7.6
Armour         | 7 |  7.1
Dodging        | |  2.4

Action                   |  1- 3 |  4- 6 |  7- 9 | 10-12 || total
-------------------------+-------+-------+-------+-------++-------
Melee: Unarmed           |   119 |   125 |    82 |   409 ||   735
Evoke: Wand              |       |       |       |     4 ||     4
  Use: Scroll            |     8 |     3 |     8 |    12 ||    31
       Potion            |       |     2 |     3 |     5 ||    10
 Stab: Sleeping          |     2 |     1 |     1 |     1 ||     5
       Distracted        |       |       |       |     2 ||     2
Armor: Robe              |    44 |    30 |    19 |     6 ||    99
       Steam dragon scal |       |       |       |    43 ||    43
       Skin              |       |       |       |     1 ||     1
       Acid dragon scale |       |       |       |   102 ||   102
Dodge: Dodged            |    31 |    33 |    31 |   130 ||   225
Block: Kite shield       |    35 |    47 |    48 |   278 ||   408

Table legend: (Time is in decaauts)
 A = Elapsed time spent in this place.
 B = Non-inter-level travel time spent in this place.
 C = Inter-level travel time spent in this place.
 D = Time resting spent in this place.
 E = Time spent auto-exploring this place.
 F = Levels seen in this place.
 G = Mean time per level.
                   A        B        C        D        E       F      G
               +--------+--------+--------+--------+--------+-----+--------+
         Total |  11551 |  10807 |    744 |    434 |   8010 |  13 |  888.5 |
       Dungeon |  10814 |  10089 |    725 |    427 |   7594 |  11 |  983.1 |
        Temple |    327 |    308 |     19 |      0 |    266 |   1 |  327.0 |
        Bailey |    409 |    409 |      0 |      7 |    150 |   1 |  409.0 |
               +--------+--------+--------+--------+--------+-----+--------+

Top non-repeatable levels by time:
     D:9: 2031 daAuts
    D:10: 1276 daAuts
     D:8: 1107 daAuts
     D:3: 1045 daAuts
     D:7: 950 daAuts
     D:4: 915 daAuts
     D:5: 804 daAuts
    D:11: 792 daAuts
     D:2: 687 daAuts
     D:1: 661 daAuts
     D:6: 541 daAuts
  Bailey: 409 daAuts
  Temple: 327 daAuts
